[Event "Titled Tuesday Blitz February 15 Late 2022"]
[White "Papasimakopoulos, Alexandros"]
[Black "Moroni, Luca Jr"]
[WhiteFideId "4244125"]
[BlackFideId "865834"]
[WhiteElo "2340"]
[BlackElo "2573"]
[Result "1-0"]
[Round "03"]
[TimeControl "180+1"]
[Date "2022.02.15"]
[WhiteClock "0:00:58"]
[BlackClock "0:00:16"]

1. d4 d6 2. Nf3 g6 3. e4 Bg7 4. c4 Bg4 5. Be2 Nc6 6. d5 Bxf3 7. Bxf3 Nd4 8. Nc3 c5 9. g3 h5 10. h4 Nf6 11. O-O Qd7 12. Bg2 Ng4 13. Ne2 O-O 14. Nxd4 Bxd4 15. Qe2 a6 16. Bh3 f5 17. exf5 Qxf5 18. Bf4 Rae8 19. Rae1 Rf6 20. Kg2 e5 21. f3 exf4 22. Qxe8+ Rf8 23. fxg4 f3+ 24. Kh1 hxg4 25. Qe6+ Qxe6 26. Rxe6 gxh3 27. Rxg6+ Kh7 28. Rxd6 f2 29. Kh2 Rf3 30. Re6 Rd3 31. Re2 Kg6 32. Kxh3 Kf5 33. Rexf2+ Bxf2 34. Rxf2+ Ke5 35. h5 b5 36. b3 bxc4 37. bxc4 Rd1 38. Kg4 Rh1 39. Kg5 Kd4 40. Rf4+ Ke5 41. g4 Rh2 42. a4 a5 43. Rf8 Kd4 44. d6 Kxc4 45. d7 Rd2 46. d8=Q 1-0


[Site "https://www.chess.com"]

[Event "Titled Tuesday Blitz February 15 Late 2022"]
[White "Paravyan, David"]
[Black "Holt, Conrad"]
[WhiteFideId "4194985"]
[BlackFideId "2034387"]
[WhiteElo "2569"]
[BlackElo "2586"]
[Result "1/2-1/2"]
[Round "03"]
[TimeControl "180+1"]
[Date "2022.02.15"]
[WhiteClock "0:00:02"]
[BlackClock "0:00:07"]

1. e4 e6 2. d4 d5 3. Nc3 Nf6 4. Bg5 dxe4 5. Nxe4 Be7 6. Nxf6+ Bxf6 7. Bxf6 Qxf6 8. Nf3 c5 9. Bb5+ Bd7 10. Qe2 cxd4 11. O-O-O Nc6 12. Qe4 Rd8 13. h4 O-O 14. Kb1 e5 15. Bd3 g6 16. h5 Bf5 17. Qe2 e4 18. Bxe4 Rfe8 19. Nd2 Nb4 20. Qb5 Bxe4 21. Nxe4 Rxe4 22. Qxb4 Re2 23. Qxb7 Qf5 24. Qb3 Rc8 25. Rc1 Rxf2 26. hxg6 Qxg6 27. Rhd1 Rxg2 28. Rxd4 h5 29. Rd3 Rg1 30. a3 Rxc1+ 31. Kxc1 Qg1+ 32. Rd1 Qg5+ 33. Kb1 Qg6 34. Rh1 Rc5 35. Ka2 Rg5 36. Rh3 Rg4 37. Qb8+ Kg7 38. Qxa7 h4 39. Rb3 Qe6 40. Qe3 Kg6 41. Qd3+ Qf5 42. Qd8 Qe6 43. Qg8+ Kh6 44. Qh8+ Kg6 45. Qg8+ Kh6 46. Qf8+ Kg6 47. Qg8+ 1/2-1/2


[Site "https://www.chess.com"]

[Event "Titled Tuesday Blitz February 15 Late 2022"]
[White "Peatman, Carter"]
[Black "Jaferian, Koosha"]
[WhiteFideId "2096480"]
[BlackFideId "12507440"]
[WhiteElo "2393"]
[BlackElo "2027"]
[Result "0-1"]
[Round "03"]
[TimeControl "180+1"]
[Date "2022.02.16"]
[WhiteClock "0:00:09"]
[BlackClock "0:00:10"]

1. d4 Nf6 2. Bf4 g6 3. e3 Bg7 4. Nf3 d6 5. h3 O-O 6. Be2 Nc6 7. O-O e5 8. Bh2 Qe7 9. c3 Ne4 10. Nbd2 Nxd2 11. Nxd2 f5 12. Re1 Be6 13. a4 Bf7 14. a5 a6 15. b4 Rad8 16. Qa4 Na7 17. b5 axb5 18. Bxb5 Nxb5 19. Qxb5 Rb8 20. Rab1 Qe8 21. Nf3 Qxb5 22. Rxb5 e4 23. Nd2 Be8 24. Rb4 Bc6 25. Reb1 Ra8 26. Ra1 Ra7 27. Rb3 Rfa8 28. Rba3 b6 29. a6 Bd7 30. g4 Bc8 31. gxf5 gxf5 32. Bf4 Rxa6 33. Rxa6 Rxa6 34. Rxa6 Bxa6 35. Kg2 Kf7 36. Kg3 Ke6 37. c4 c6 38. Bg5 b5 39. cxb5 Bxb5 40. Bd8 c5 41. dxc5 dxc5 42. f3 Kd5 43. fxe4+ fxe4 44. Ba5 c4 45. Nb1 Be5+ 46. Kg2 Bc6 47. Nc3+ Kc5 48. Kf2 Bf6 49. Kg2 h6 50. Ne2 Kb5 51. Bc3 Bxc3 52. Nxc3+ Kb4 53. Ne2 c3 54. Nd4 Ba4 55. Kf2 c2 56. Ne2 Kb3 57. Kg3 Kb2 58. Kf4 Bc6 59. Ke5 c1=Q 60. Nxc1 Kxc1 61. Kf4 Kd2 62. Kf5 Kxe3 63. Kg6 Kf3 64. Kxh6 e3 65. Kg6 e2 66. h4 e1=Q 67. h5 Be4+ 68. Kg7 Qc3+ 69. Kh6 Qf6# 0-1


[Site "https://www.chess.com"]

[Event "Titled Tuesday Blitz February 15 Late 2022"]
[White "Petrova, Irina"]
[Black "Csonka, Balazs"]
[WhiteFideId "14124122"]
[BlackFideId "742910"]
[WhiteElo "1988"]
[BlackElo "2404"]
[Result "1/2-1/2"]
[Round "03"]
[TimeControl "180+1"]
[Date "2022.02.15"]
[WhiteClock "0:02:08"]
[BlackClock "0:00:31"]

1. e4 c5 2. Nf3 e6 3. b3 b6 4. Bd3 Bb7 5. O-O d6 6. Re1 Nf6 7. Bb2 e5 8. c3 Be7 9. Bc2 Nc6 10. d4 cxd4 11. cxd4 Nb4 12. dxe5 dxe5 13. Nxe5 Qxd1 14. Bxd1 Nxe4 15. Nc3 Nxc3 16. Bxc3 Nd5 17. Bb2 O-O 18. Bf3 Bf6 19. Rad1 Rad8 20. Nc4 Bxb2 21. Nxb2 Ba8 22. Nc4 Nc3 23. Rxd8 Rxd8 24. Bxa8 Rxa8 25. a4 Kf8 26. Kf1 Re8 27. Rxe8+ Kxe8 1/2-1/2


[Site "https://www.chess.com"]

[Event "Titled Tuesday Blitz February 15 Late 2022"]
[White "Petrovic, Aleksa"]
[Black "Arabidze, Meri"]
[WhiteFideId "967629"]
[BlackFideId "13604040"]
[WhiteElo "2139"]
[BlackElo "2329"]
[Result "0-1"]
[Round "03"]
[TimeControl "180+1"]
[Date "2022.02.16"]
[WhiteClock "0:00:02"]
[BlackClock "0:00:13"]

1. Nf3 d5 2. g3 Nf6 3. Bg2 g6 4. b3 Bg7 5. Bb2 O-O 6. O-O c5 7. c4 d4 8. e3 Nc6 9. exd4 cxd4 10. d3 Nd7 11. Na3 Nc5 12. Nc2 Bf5 13. Nfe1 a5 14. Rb1 e5 15. Ba3 Qb6 16. Bxc5 Qxc5 17. a3 Qe7 18. Qe2 Rfe8 19. g4 Bd7 20. h3 f5 21. Bd5+ Kh8 22. f3 Qh4 23. Qh2 Ra7 24. Ng2 Qf6 25. Rbe1 Ne7 26. g5 Qf8 27. Rxe5 Bxe5 28. Qxe5+ Qg7 29. Qd6 Nxd5 30. Qxd5 Bc6 31. Qxd4 Raa8 32. Qxg7+ Kxg7 33. Nf4 Rad8 34. d4 b5 35. d5 Bd7 36. Nd4 Rc8 37. Nfe6+ Kf7 38. c5 b4 39. axb4 axb4 40. c6 Bxe6 41. Nxe6 Ke7 42. Rc1 Kd6 43. Rd1 Ra8 44. Kf2 Ra3 45. Rd3 Ra5 46. c7 Rc8 47. Ke3 Rxd5 48. Nd4 Kxc7 49. Ne6+ Kd6 50. Rxd5+ Kxd5 51. Nf4+ Ke5 52. Nd3+ Ke6 53. Nxb4 Rb8 54. Nc2 Rxb3+ 55. Kf4 Rb2 56. Nd4+ Kd5 57. Nxf5 gxf5 58. Kxf5 Rh2 59. Kg4 Ke5 60. f4+ Ke4 61. h4 Rg2+ 62. Kh5 Kf5 63. Kh6 Rh2 64. h5 Rh3 65. Kxh7 Rxh5+ 66. Kg7 Rh4 67. Kf7 Rg4 68. Ke7 Kxf4 69. g6 Rxg6 0-1


[Site "https://www.chess.com"]

[Event "Titled Tuesday Blitz February 15 Late 2022"]
[White "Pinheiro, Iung Alicio de O."]
[Black "Rangel, Daniel"]
[WhiteFideId "2104350"]
[BlackFideId "2124475"]
[WhiteElo "2626"]
[BlackElo "2187"]
[Result "1-0"]
[Round "03"]
[TimeControl "180+1"]
[Date "2022.02.16"]
[WhiteClock "0:00:41"]
[BlackClock "0:00:02"]

1. e4 c6 2. d4 d5 3. e5 c5 4. dxc5 e6 5. a3 Bxc5 6. Nf3 Ne7 7. Bd3 Ng6 8. O-O O-O 9. b4 Bb6 10. Bb2 a5 11. b5 a4 12. Nbd2 Bd7 13. Re1 Qe8 14. c4 Ba5 15. cxd5 exd5 16. Nd4 Nxe5 17. Bxh7+ Kxh7 18. Qh5+ Kg8 19. Rxe5 Qd8 20. Nf5 Bxf5 21. Rxf5 Bxd2 22. Rxd5 Qe7 23. Rxd2 Nd7 24. Re2 Qc5 25. Qg4 f6 26. Qxd7 1-0


[Site "https://www.chess.com"]

[Event "Titled Tuesday Blitz February 15 Late 2022"]
[White "Poormosavi, Seyed Kian"]
[Black "Kalajzic, Ivan"]
[WhiteFideId "12585807"]
[BlackFideId "14506378"]
[WhiteElo "2116"]
[BlackElo "2163"]
[Result "1-0"]
[Round "03"]
[TimeControl "180+1"]
[Date "2022.02.16"]
[WhiteClock "0:02:14"]
[BlackClock "0:01:54"]

1. Nf3 Nc6 2. d4 d6 3. g3 Bg4 4. Bg2 e5 5. O-O Nf6 6. c4 g6 7. Nc3 Bg7 8. dxe5 dxe5 9. Qb3 Rb8 10. Qa3 Qe7 11. Qxe7+ Kxe7 12. Bg5 Be6 13. Nd5+ Bxd5 14. cxd5 Nd4 15. Nxd4 exd4 16. Rac1 Rbc8 17. Bh3 Kd6 18. Bf4+ Ke7 19. d6+ Kd8 20. Rxc7 1-0


[Site "https://www.chess.com"]

[Event "Titled Tuesday Blitz February 15 Late 2022"]
[White "Prohorov, Olexandr"]
[Black "Kopczynski, Michal"]
[WhiteFideId "14105578"]
[BlackFideId "1124200"]
[WhiteElo "1993"]
[BlackElo "2235"]
[Result "0-1"]
[Round "03"]
[TimeControl "180+1"]
[Date "2022.02.16"]
[WhiteClock "0:00:14"]
[BlackClock "0:00:07"]

1. e4 c5 2. c3 d5 3. exd5 Qxd5 4. d4 cxd4 5. cxd4 Nc6 6. Nf3 Bg4 7. Nc3 Bxf3 8. gxf3 Qa5 9. d5 Nb8 10. Bb5+ Nd7 11. Bg5 O-O-O 12. Rc1 Kb8 13. Bf4+ Ka8 14. O-O Ngf6 15. Qd4 e5 16. dxe6 fxe6 17. Rfd1 Bc5 18. Qc4 e5 19. Bd2 Qb6 20. Be1 Bd4 21. Na4 Qd6 22. Bb4 Qb8 23. Ba5 Nb6 24. Nxb6+ axb6 25. Bc3 Qd6 26. Bxd4 exd4 27. Rd3 Nh5 28. Rcd1 Nf4 29. Rxd4 Qg6+ 30. Kf1 Qg2+ 31. Ke1 Qg1+ 32. Qf1 Qxf1+ 33. Kxf1 Rc8 34. Rd7 Rhf8 35. R1d4 Ne6 36. Ra4+ Kb8 37. Re7 Nc5 38. Rd4 Rxf3 39. b4 Na6 40. Rdd7 Nc7 41. Be2 Rf6 42. Re3 Rc6 43. a4 Rc1+ 44. Kg2 Rb1 45. b5 Rb2 46. Bf3 Ra2 47. Rc3 Rxa4 48. Kg3 Rb4 49. Rxg7 Rxb5 50. Rxh7 Rg5+ 51. Kh3 Rc5 52. Kg2 Rxc3 53. h4 Rg8+ 54. Kf1 Rxf3 55. h5 Rgf8 56. h6 Rxf2+ 57. Ke1 R2f7 58. Kd1 Rxh7 0-1


[Site "https://www.chess.com"]

[Event "Titled Tuesday Blitz February 15 Late 2022"]
[White "Proudian, Armen"]
[Black "Hoffmann, Asa"]
[WhiteFideId "2130734"]
[BlackFideId "2001470"]
[WhiteElo "2380"]
[BlackElo "2117"]
[Result "1/2-1/2"]
[Round "03"]
[TimeControl "180+1"]
[Date "2022.02.16"]
[WhiteClock "0:00:14"]
[BlackClock "0:00:01"]

1. e4 d6 2. d4 Nf6 3. Nc3 c6 4. Be3 Ng4 5. Bf4 Qb6 6. Rb1 e5 7. Be3 Nxe3 8. fxe3 g6 9. Nf3 Bh6 10. Qd3 Nd7 11. Be2 O-O 12. O-O Qd8 13. Rbd1 Qe7 14. g4 Nb6 15. h3 a5 16. a4 Be6 17. b3 Rad8 18. Kh2 Rfe8 19. Rf2 Bc8 20. Rdf1 Rf8 21. d5 cxd5 22. exd5 Nd7 23. g5 Bxg5 24. Nxg5 Qxg5 25. Ne4 Qe7 26. Bg4 f5 27. Bxf5 gxf5 28. Rxf5 Rxf5 29. Rxf5 Nc5 30. Nf6+ Qxf6 31. Rxf6 Nxd3 32. cxd3 Kg7 33. Rf2 Bd7 34. Rc2 Rc8 35. Rg2+ Kf7 36. Rf2+ Ke7 37. Rg2 Be8 38. Rg7+ Bf7 39. Rxh7 Rc3 40. h4 Rxd3 41. Rh8 Rxe3 42. Rb8 Rxb3 43. Ra8 Bxd5 44. Rxa5 Bc6 45. Ra8 Rb4 46. Kg3 Rxa4 47. Rh8 Rf4 48. h5 Rf7 49. Kh4 Be4 50. Rb8 Ke6 51. Kg5 d5 52. Re8+ Kd6 53. h6 d4 54. Rd8+ Kc5 55. Re8 Bc6 56. Rxe5+ Kc4 57. Kg6 Rd7 58. h7 Rxh7 59. Kxh7 d3 60. Re1 d2 61. Rg1 Bf3 62. Kg6 d1=Q 63. Rg5 Bd5 64. Kf6 Qf3+ 65. Kg6 Qf7+ 66. Kh6 Be4 67. Rg4 Qf6+ 68. Kh5 Qf5+ 69. Kh4 Qxg4+ 70. Kxg4 b5 71. Kf4 b4 72. Kg5 b3 73. Kf4 b2 74. Ke3 b1=Q 75. Kf4 1/2-1/2


[Site "https://www.chess.com"]

[Event "Titled Tuesday Blitz February 15 Late 2022"]
[White "Quirke, Jeffrey"]
[Black "Karttunen, Mika"]
[WhiteFideId "2013029"]
[BlackFideId "502081"]
[WhiteElo "2191"]
[BlackElo "2343"]
[Result "0-1"]
[Round "03"]
[TimeControl "180+1"]
[Date "2022.02.16"]
[WhiteClock "0:00:01"]
[BlackClock "0:00:13"]

1. c4 e5 2. Nc3 Nf6 3. g3 c6 4. d4 exd4 5. Qxd4 Na6 6. Bg2 Bb4 7. Nf3 O-O 8. O-O h6 9. b3 d6 10. Bb2 Qe7 11. Rfe1 Re8 12. a3 Bc5 13. Qd2 Nc7 14. Nd4 a6 15. e3 Bd7 16. h3 Rad8 17. Rad1 Bc8 18. Qc1 d5 19. b4 Ba7 20. cxd5 cxd5 21. Na4 Be6 22. Nc5 Bxc5 23. bxc5 Rc8 24. c6 b5 25. Qc2 Na8 26. Rc1 Nb6 27. Bc3 Nc4 28. Bb4 Qc7 29. a4 Rb8 30. axb5 axb5 31. Qc3 Rec8 32. Qb3 Ne8 33. h4 Ned6 34. Ra1 Ra8 35. Rxa8 Rxa8 36. h5 Qb6 37. Nxe6 fxe6 38. e4 Qxc6 39. exd5 exd5 40. Qd3 Kh8 41. Qxd5 Qxd5 42. Bxd5 Rd8 43. Rd1 Nf5 44. Bf3 Rxd1+ 45. Bxd1 Ne5 46. Be2 Nd4 47. Bf1 Nef3+ 48. Kg2 Ne5 49. Bc5 Nec6 50. Bxd4 Nxd4 51. f4 b4 52. Kf2 b3 53. Bd3 Nc2 54. Ke2 Na3 55. Kd2 b2 0-1


[Site "https://www.chess.com"]

[Event "Titled Tuesday Blitz February 15 Late 2022"]
[White "Ramirez, Alejandro"]
[Black "Chigaev, Maksim"]
[WhiteFideId "6500617"]
[BlackFideId "4108116"]
[WhiteElo "2694"]
[BlackElo "2502"]
[Result "0-1"]
[Round "03"]
[TimeControl "180+1"]
[Date "2022.02.15"]
[WhiteClock "0:00:14"]
[BlackClock "0:00:29"]

1. c4 g6 2. g3 Bg7 3. Bg2 e5 4. Nc3 Nc6 5. e3 h6 6. Nge2 h5 7. h3 d6 8. d4 h4 9. g4 f5 10. gxf5 Bxf5 11. d5 Nce7 12. e4 Bd7 13. Be3 Nh6 14. Qd2 Nf7 15. O-O-O g5 16. Bf3 Ng6 17. c5 Nf4 18. Bg4 Bxg4 19. hxg4 Qd7 20. f3 dxc5 21. Bxc5 a6 22. Kb1 Bf6 23. Rc1 Nd6 24. Nd1 Qb5 25. Bxd6 cxd6 26. Nec3 Qd3+ 27. Rc2 Qxd2 28. Rxd2 Rc8 29. Ne3 b5 30. Nf5 Kd7 31. a3 Bd8 32. Rc2 Ba5 33. b4 Bb6 34. Kb2 Rc4 35. Kb3 Rhc8 36. Rhc1 h3 37. Rh1 Bd4 38. Rhc1 Rxc3+ 39. Rxc3 Rxc3+ 40. Rxc3 Bxc3 41. Kxc3 h2 42. Ng3 Ne2+ 0-1


[Site "https://www.chess.com"]

[Event "Titled Tuesday Blitz February 15 Late 2022"]
[White "Rasulov, Vugar"]
[Black "Chernomordik, Pavel"]
[WhiteFideId "13402390"]
[BlackFideId "2804530"]
[WhiteElo "2560"]
[BlackElo "2249"]
[Result "1-0"]
[Round "03"]
[TimeControl "180+1"]
[Date "2022.02.16"]
[WhiteClock "0:01:58"]
[BlackClock "0:00:01"]

1. e4 g6 2. d4 Bg7 3. Nf3 d6 4. Bc4 e6 5. O-O b6 6. Bb3 Bb7 7. Re1 Nd7 8. Nbd2 Ne7 9. c3 O-O 10. Nf1 h6 11. Ng3 Nf6 12. e5 dxe5 13. Nxe5 Ned5 14. Qe2 a5 15. a3 Qd6 16. Bc2 c5 17. Nc4 Qc7 18. dxc5 Qxc5 19. Ne4 Nxe4 20. Bxe4 Ba6 21. Bd3 a4 22. Ne5 Bxd3 23. Nxd3 Qc4 24. Qf3 Rad8 25. Nf4 Nxf4 26. Bxf4 Rd3 27. Be3 b5 28. Rad1 Rfd8 29. Rxd3 Qxd3 30. h4 h5 31. Qb7 Bf6 32. g3 Qd5 33. Qc7 Be5 34. Qe7 Qd7 35. Qb4 Qd5 36. Bg5 f6 37. Bf4 Bxf4 38. Qxf4 Kg7 39. Qc7+ Rd7 40. Qb6 e5 41. Qb8 Rd8 42. Qc7+ Rd7 43. Qc8 Rd8 44. Qa6 Rd7 45. Qb6 Rd6 46. Qa5 f5 47. Qc7+ Kf6 48. Qh7 Rd8 49. Qh6 Qd2 50. Re3 Qd1+ 51. Kh2 Qd2 52. Qg5+ Kf7 53. Kg2 Qd5+ 54. Rf3 e4 55. Re3 Rd7 56. Qh6 Kf6 57. Qf8+ Rf7 58. Qh8+ Ke6 59. Re1 f4 60. Qe8+ Kf6 61. gxf4 e3+ 62. Kg3 exf2 63. Kxf2 Kg7 64. Qe4 1-0


[Site "https://www.chess.com"]

[Event "Titled Tuesday Blitz February 15 Late 2022"]
[White "Remizov, Yaroslav"]
[Black "Mekhitarian, Krikor Sevag"]
[WhiteFideId "34134015"]
[BlackFideId "2107660"]
[WhiteElo "2360"]
[BlackElo "2598"]
[Result "0-1"]
[Round "03"]
[TimeControl "180+1"]
[Date "2022.02.15"]
[WhiteClock "0:00:02"]
[BlackClock "0:00:23"]

1. e3 Nf6 2. a3 g6 3. c4 Bg7 4. Qc2 O-O 5. Nf3 c5 6. Be2 Nc6 7. O-O b6 8. b3 d5 9. cxd5 Qxd5 10. Nc3 Qd6 11. Bb2 Bf5 12. d3 Rfd8 13. Rfd1 Rac8 14. h3 Nd4 15. exd4 cxd4 16. Qd2 dxc3 17. Bxc3 Rxc3 18. Qxc3 Nd5 19. Qd2 Nc3 20. d4 Nxd1 21. Rxd1 Qxa3 22. Qe3 Bf6 23. Bc4 Qb4 24. Re1 b5 25. Bxf7+ Kxf7 26. g4 Bc8 27. g5 Bg7 28. Rc1 Qd6 29. h4 Bb7 30. Re1 Kg8 31. Qxe7 Qxe7 0-1


[Site "https://www.chess.com"]

[Event "Titled Tuesday Blitz February 15 Late 2022"]
[White "Riehle, Marco"]
[Black "Haszon, David"]
[WhiteFideId "12904392"]
[BlackFideId "733610"]
[WhiteElo "2462"]
[BlackElo "2201"]
[Result "0-1"]
[Round "03"]
[TimeControl "180+1"]
[Date "2022.02.15"]
[WhiteClock "0:01:00"]
[BlackClock "0:00:35"]

1. e4 c5 2. a3 g6 3. h4 h5 4. Nc3 Bg7 5. Bc4 Nc6 6. d3 Nd4 7. Nf3 e6 8. Nxd4 cxd4 9. Ne2 b5 10. Bb3 Ne7 11. Bg5 Qa5+ 12. Bd2 Qc7 13. Bg5 Nc6 14. Qd2 a5 15. O-O-O a4 16. Ba2 Rb8 17. g4 b4 18. axb4 Nxb4 19. Bc4 d5 20. exd5 exd5 21. Bf4 Be5 22. Bxe5 Qxe5 23. Rde1 O-O 24. Ng3 Qf6 25. gxh5 dxc4 26. dxc4 Na2+ 27. Kb1 d3 28. cxd3 a3 29. Re2 Nc3+ 30. Kc1 Nxe2+ 31. Nxe2 Rxb2 32. Qe3 Rb1+ 33. Kxb1 Qb2# 0-1


[Site "https://www.chess.com"]

[Event "Titled Tuesday Blitz February 15 Late 2022"]
[White "Romero Ruscalleda, Josep"]
[Black "Fishbein, Alexander"]
[WhiteFideId "2231859"]
[BlackFideId "2000377"]
[WhiteElo "2419"]
[BlackElo "2442"]
[Result "0-1"]
[Round "03"]
[TimeControl "180+1"]
[Date "2022.02.16"]
[WhiteClock "0:00:01"]
[BlackClock "0:00:15"]

1. e4 c5 2. c3 e6 3. d4 d5 4. e5 Nc6 5. Be3 Nh6 6. Nf3 Nf5 7. Bd3 cxd4 8. cxd4 Bb4+ 9. Nc3 O-O 10. O-O Nxe3 11. fxe3 f6 12. exf6 Rxf6 13. Ne2 Bd6 14. e4 dxe4 15. Bxe4 Bd7 16. d5 exd5 17. Qxd5+ Be6 18. Qd3 Bc5+ 19. Kh1 Qxd3 20. Bxd3 Nb4 21. Be4 Bc4 22. Rfc1 Bxe2 23. Rxc5 Re8 24. Bxb7 Nd3 25. Rc2 Nf4 26. Ng5 Bd3 27. Rf2 h6 28. Nf3 Bc4 29. b3 Bf7 30. Re1 Rxe1+ 31. Nxe1 Re6 32. Nc2 Nd3 33. Rd2 Nb4 34. h3 Nxa2 35. Nd4 Re1+ 36. Kh2 Nc3 37. Nf3 Re3 38. Rd8+ Kh7 39. Rd7 Bxb3 40. Nd4 Rd3 41. g4 Rd2+ 42. Kg3 Ne2+ 43. Nxe2 Rxd7 44. Be4+ Kh8 45. Nc3 Bc4 46. Kf4 a5 47. Bf5 Rd4+ 48. Ke5 Rd2 49. h4 Bb3 50. h5 a4 0-1


[Site "https://www.chess.com"]

[Event "Titled Tuesday Blitz February 15 Late 2022"]
[White "Rosen, Eric"]
[Black "Stanisz, Patryk"]
[WhiteFideId "2032562"]
[BlackFideId "1123106"]
[WhiteElo "2362"]
[BlackElo "1876"]
[Result "1-0"]
[Round "03"]
[TimeControl "180+1"]
[Date "2022.02.16"]
[WhiteClock "0:00:08"]
[BlackClock "0:00:09"]

1. d4 d5 2. Bf4 Nf6 3. e3 c5 4. Nf3 Nc6 5. Nbd2 e6 6. c3 cxd4 7. exd4 Nh5 8. Be3 Bd6 9. Ne5 g6 10. g4 Ng7 11. h4 h5 12. Bg5 Be7 13. Bb5 Bd7 14. Bxc6 Bxc6 15. Qf3 O-O 16. Bh6 Bf6 17. gxh5 Nxh5 18. Bxf8 Kxf8 19. Rg1 Bxe5 20. dxe5 Qxh4 21. O-O-O d4 22. Qg4 Qxg4 23. Rxg4 dxc3 24. bxc3 Rc8 25. Kb2 Ng7 26. Rh4 Ke7 27. Rh7 Nf5 28. Nc4 Ba4 29. Nd6 Bxd1 30. Rxf7+ Kd8 31. Rf8+ Kd7 32. Nxc8 Bf3 33. Nxa7 b6 34. a4 Ne7 35. Rxf3 Nd5 36. Rd3 g5 37. Nb5 g4 38. c4 Kc6 39. cxd5+ Kc5 40. dxe6 g3 41. e7 g2 42. e8=Q g1=Q 43. Qc8+ Kb4 44. Rd4+ Ka5 45. Qa8# 1-0


[Site "https://www.chess.com"]

[Event "Titled Tuesday Blitz February 15 Late 2022"]
[White "Ruiz Aguilar, Pablo Alexander"]
[Black "Bolanos, Fernando"]
[WhiteFideId "4401352"]
[BlackFideId "3304094"]
[WhiteElo "2125"]
[BlackElo "2019"]
[Result "1-0"]
[Round "03"]
[TimeControl "180+1"]
[Date "2022.02.16"]
[WhiteClock "0:00:26"]
[BlackClock "0:00:03"]

1. e4 c5 2. Nf3 Nc6 3. Nc3 g6 4. d4 cxd4 5. Nxd4 Bg7 6. Be3 Nf6 7. Bc4 O-O 8. Bb3 a6 9. f3 b5 10. Nxc6 dxc6 11. Qxd8 Rxd8 12. Rd1 Bb7 13. Ke2 e6 14. Bc5 Bf8 15. Bxf8 Kxf8 16. e5 Nd5 17. Ne4 Ke7 18. g3 a5 19. c4 Nb6 20. Nd6 Ba6 21. c5 Nd5 22. Bxd5 exd5 23. Ke3 Ke6 24. Kd4 b4 25. f4 h5 26. h3 Be2 27. Rd2 Bc4 28. b3 Bb5 29. g4 a4 30. f5+ Ke7 31. gxh5 axb3 32. axb3 gxf5 33. Nxf5+ Kd7 34. Rg1 Rg8 35. Rdg2 Rxg2 36. Rxg2 Ra1 37. h6 Rd1+ 38. Ke3 Rd3+ 39. Kf4 Rxh3 40. Rg7 Ke6 41. Nd4+ Ke7 42. e6 Rh4+ 43. Kf5 Rxd4 44. Rxf7+ Ke8 45. h7 Bd3+ 46. Ke5 Rh4 47. Rc7 Rxh7 48. Rxc6 Be4 49. Kd6 Kd8 50. Rb6 Kc8 51. Ra6 d4 52. c6 Kb8 53. e7 Bg6 54. Rb6+ Kc8 55. c7 1-0


[Site "https://www.chess.com"]

[Event "Titled Tuesday Blitz February 15 Late 2022"]
[White "Rustemov, Alexander"]
[Black "Sadhwani, Raunak"]
[WhiteFideId "4119002"]
[BlackFideId "35093487"]
[WhiteElo "2781"]
[BlackElo "2616"]
[Result "0-1"]
[Round "03"]
[TimeControl "180+1"]
[Date "2022.02.15"]
[WhiteClock "0:00:12"]
[BlackClock "0:01:02"]

1. d4 Nf6 2. c4 g6 3. g3 c6 4. Nf3 Bg7 5. Bg2 O-O 6. Nc3 d6 7. O-O Bf5 8. Ne1 e5 9. d5 cxd5 10. cxd5 a5 11. e4 Bg4 12. f3 Bd7 13. a4 Na6 14. Nd3 Qb6+ 15. Kh1 Nb4 16. Qe2 Qa6 17. Rd1 Rfc8 18. Be3 h5 19. Bf1 h4 20. Nxb4 axb4 21. Nb5 hxg3 22. hxg3 Nh5 23. Kh2 f5 24. Bh3 Rf8 25. Bg5 Rac8 26. Rac1 Rxc1 27. Rxc1 Qxa4 28. Nxd6 f4 29. gxf4 Bxh3 30. Kxh3 Qd7+ 31. f5 Qxd6 32. fxg6 Qxg6 33. Rg1 Qxg5 34. Rxg5 Nf4+ 35. Kg4 Nxe2 36. Rg6 Rf6 37. Rg5 Rf4+ 38. Kh5 Rxf3 39. Kg4 Rf4+ 40. Kh5 Rxe4 0-1


[Site "https://www.chess.com"]

[Event "Titled Tuesday Blitz February 15 Late 2022"]
[White "Sailer, Mike"]
[Black "Delaney, Killian"]
[WhiteFideId "2012901"]
[BlackFideId "2501570"]
[WhiteElo "2109"]
[BlackElo "2306"]
[Result "1-0"]
[Round "03"]
[TimeControl "180+1"]
[Date "2022.02.16"]
[WhiteClock "0:00:13"]
[BlackClock "0:00:46"]

1. d4 d5 2. Nf3 Nf6 3. Bf4 c5 4. e3 Nc6 5. Nc3 Bg4 6. Be2 e6 7. h3 Bh5 8. O-O Bd6 9. Bxd6 Qxd6 10. Nb5 Qe7 11. dxc5 O-O 12. Nfd4 Bxe2 13. Qxe2 Qxc5 14. Nxc6 bxc6 15. Nd4 Rab8 16. Rab1 Rb6 17. Rfc1 Rfb8 18. c4 Qa5 19. c5 Ra6 20. a3 e5 21. Nf5 g6 22. Nd6 Nd7 23. Qc2 Qa4 24. Qc3 Qb3 25. Qd2 Ra4 26. Rc3 Qa2 27. Qc2 d4 28. exd4 exd4 29. Rf3 f5 30. Rxf5 Qb3 31. Qxb3+ Rxb3 32. Rf7 Nxc5 33. Rc7 Raxa3 34. Re1 Rb8 35. Ree7 Ra1+ 36. Kh2 d3 37. Rg7+ Kf8 38. Rcf7# 1-0


[Site "https://www.chess.com"]

[Event "Titled Tuesday Blitz February 15 Late 2022"]
[White "Saim, Mohamed Ilias"]
[Black "Terletsky, Oleg"]
[WhiteFideId "7900465"]
[BlackFideId "14116774"]
[WhiteElo "2006"]
[BlackElo "2050"]
[Result "0-1"]
[Round "03"]
[TimeControl "180+1"]
[Date "2022.02.16"]
[WhiteClock "0:00:03"]
[BlackClock "0:00:07"]

1. d4 Nf6 2. Nf3 g6 3. c4 Bg7 4. Nc3 O-O 5. Bf4 c5 6. e3 cxd4 7. exd4 d5 8. c5 Nc6 9. h3 Ne4 10. Nb5 f6 11. Nc7 e5 12. Nxa8 exf4 13. Bd3 Be6 14. Qb3 Qd7 15. Nb6 axb6 16. Qxb6 g5 17. O-O g4 18. hxg4 Bxg4 19. Nh2 Nxd4 20. f3 Ng3 21. Nxg4 Nxf1 22. Rxf1 Re8 23. Rc1 h5 24. Nf2 f5 25. Kf1 Re3 26. c6 bxc6 27. Qxd4 Bxd4 28. Ba6 Qe6 29. Bb7 c5 30. Ba6 Re5 31. Kg1 Re1+ 32. Rxe1 Qxe1+ 33. Kh2 Qxf2 34. Bc8 Qg3+ 35. Kh1 Qh4# 0-1


[Site "https://www.chess.com"]

[Event "Titled Tuesday Blitz February 15 Late 2022"]
[White "Sanal, Vahap"]
[Black "Carreto Nieto, Giovanni"]
[WhiteFideId "6300545"]
[BlackFideId "5105030"]
[WhiteElo "2603"]
[BlackElo "2221"]
[Result "1/2-1/2"]
[Round "03"]
[TimeControl "180+1"]
[Date "2022.02.16"]
[WhiteClock "0:00:01"]
[BlackClock "0:00:08"]

1. e4 c5 2. Nf3 Nc6 3. Bb5 Nf6 4. d3 Qa5+ 5. Nc3 Nd4 6. Bc4 b5 7. Bb3 Nxb3 8. cxb3 d6 9. O-O e6 10. d4 b4 11. Na4 Nxe4 12. Re1 d5 13. Ng5 Nf6 14. dxc5 Bxc5 15. Nxc5 Qxc5 16. Be3 Qe7 17. Rc1 Nd7 18. Qh5 Nf6 19. Qh4 Ne4 20. Qh5 Nf6 21. Qe2 h6 22. Bc5 Qb7 23. Nf3 Ne4 24. Qe3 Bd7 25. Ne5 Rc8 26. Red1 Nxc5 27. Rxc5 O-O 28. Rdc1 Rfd8 29. h3 Rxc5 30. Rxc5 Rc8 31. Rxc8+ Bxc8 32. Qc5 f6 33. Nc6 Bd7 34. Nxb4 a5 35. Nd3 e5 36. Qe7 d4 37. Nc5 Qc6 38. Nxd7 Qc1+ 39. Kh2 Qf4+ 40. Kh1 Qc1+ 41. Kh2 Qf4+ 42. Kh1 Qc1+ 43. Kh2 1/2-1/2


[Site "https://www.chess.com"]

[Event "Titled Tuesday Blitz February 15 Late 2022"]
[White "Sanchez, Robert"]
[Black "Adewumi, Tanitoluwa"]
[WhiteFideId "2034360"]
[BlackFideId "30966396"]
[WhiteElo "2305"]
[BlackElo "2553"]
[Result "1/2-1/2"]
[Round "03"]
[TimeControl "180+1"]
[Date "2022.02.16"]
[WhiteClock "0:00:02"]
[BlackClock "0:00:06"]

1. e4 g6 2. d4 Bg7 3. Nc3 c6 4. Nf3 d5 5. e5 Bg4 6. Be2 Bxf3 7. Bxf3 e6 8. h4 h5 9. Be3 Ne7 10. Bg5 Qb6 11. Qd2 Nf5 12. O-O-O Nd7 13. g4 hxg4 14. Bxg4 Bf8 15. Qd3 Bb4 16. Ne2 Be7 17. Bxf5 gxf5 18. Bxe7 Kxe7 19. Qa3+ c5 20. Rd3 Qb4 21. Qxb4 cxb4 22. Kd2 a5 23. c3 Nb6 24. b3 a4 25. cxb4 axb3 26. axb3 Ra2+ 27. Ke3 Rc8 28. h5 Nd7 29. h6 Nf8 30. h7 Ng6 31. Kf3 Rcc2 32. Re3 f4 33. Nxf4 Rxf2+ 34. Kg3 Nxf4 35. h8=Q Ne2+ 36. Rxe2 Raxe2 37. Qh4+ Kd7 38. Qh7 Rf5 39. Qg7 Re3+ 40. Kg4 Re4+ 41. Kg3 Rxd4 42. Qf8 Rd3+ 43. Kg4 Rd4+ 44. Kg3 Rg5+ 45. Kf3 Rf5+ 46. Kg3 1/2-1/2


[Site "https://www.chess.com"]